 Dungeon Crawl Stone Soup version 0.26-a0-1129-gc5df7fbe6a (webtiles) character file.

Game seed: 232363041417630307

4 Gargoyl the Skirmisher (level 1, -1/23 HPs)
             Began as a Gnoll Abyssal Knight on Dec 18, 2020.
             Was an Initiate of Lugonu.
             Slain by a jackal (3 damage)
             ... on level 2 of the Dungeon.
             The game lasted 00:00:32 (184 turns).

Gargoyl the Skirmisher (Gnoll Abyssal Knight)        Turns: 184, Time: 00:00:32

Health: -1/23      AC:  3    Str: 14    XL:     1   Next: 60%
Magic:  3/3        EV: 12    Int: 14    God:    Lugonu [......]
Gold:   40         SH:  0    Dex: 14    Spells: 0/0 levels left

rFire    . . .     SeeInvis .   a - +1 hand axe
rCold    . . .     Faith    .   (no shield)
rNeg     + . .     Spirit   .   b - +0 leather armour
rPois    .         Reflect  .   (no helmet)
rElec    .         Harm     .   (no cloak)
rCorr    .         Rampage  .   (no gloves)
Will     .....                  (no boots)
Stlth    +.........             (no amulet)
HPRegen  0.07/turn              c - ring of positive energy
MPRegen  0.08/turn              (no ring)

@: no status effects
A: distributed training, fangs 1, strong nose
a: Renounce Religion


You were on level 2 of the Dungeon.
You worshipped Lugonu.
Lugonu was noncommittal.
You visited 1 branch of the dungeon, and saw 2 of its levels.
You visited the Abyss 1 time.

You collected 40 gold pieces.

Inventory:

Hand Weapons
 a - a +1 hand axe (weapon)
Missiles
 d - 10 poisoned darts
Armour
 b - a +0 leather armour (worn)
Jewellery
 c - a ring of positive energy (left hand)
Potions
 e - a potion of magic {unknown}


   Skills:
 + Level 6.4 Fighting
 + Level 0.1 Short Blades
 + Level 0.1 Long Blades
 + Level 4.4 Axes
 + Level 0.1 Maces & Flails
 + Level 0.1 Polearms
 + Level 0.1 Staves
 + Level 0.1 Slings
 + Level 0.1 Bows
 + Level 0.1 Crossbows
 + Level 0.1 Throwing
 + Level 4.4 Armour
 + Level 2.4 Dodging
 + Level 0.1 Stealth
 + Level 0.1 Shields
 + Level 0.1 Unarmed Combat
 + Level 0.1 Spellcasting
 + Level 0.1 Conjurations
 + Level 0.1 Hexes
 + Level 0.1 Summonings
 + Level 0.1 Necromancy
 + Level 0.1 Translocations
 + Level 0.1 Transmutations
 + Level 0.1 Fire Magic
 + Level 0.1 Ice Magic
 + Level 0.1 Air Magic
 + Level 0.1 Earth Magic
 + Level 0.1 Poison Magic
 + Level 4.4 Invocations
 + Level 0.1 Evocations


You couldn't memorise any spells.
You didn't know any spells.
Your spell library was empty.

Dungeon Overview and Level Annotations

Branches:
Dungeon (1/15)

Altars:


Innate Abilities, Weirdness & Mutations

Your experience applies equally to all skills.
You have very sharp teeth.
Your uncanny sense of smell can sniff out nearby items.


Message History

The bat misses you. The dart slug launches a dart at you.
The slug dart hits you.
* * * LOW HITPOINT WARNING * * *
The bat misses you. The jackal misses you. The bat barely misses you.
Found 15 gold pieces.
Unknown command.
You hit the dart slug.
The dart slug is heavily wounded.
You closely miss the jackal. You hit the bat but do no damage.
You hit the jackal. The bat barely misses you. The jackal misses you.
The jackal barely misses you. The jackal bites you.
* * * LOW HITPOINT WARNING * * *
The dart slug misses you.
You slash the goblin!
You kill the goblin!
Lugonu accepts your kill.
You hit the jackal. You barely miss the dart slug. You closely miss the jackal.
The bat barely misses you. The jackal bites you.
You die...

....... .......
....... ∆
.......####+###
$.............#
..............#
.......bh.....#
......w@).)...#
####....h.†...#
#..........#
#..........#
#..........#
#..........#
########.###
#.. ∆ ###


You could see a dart slug, 2 jackals and a bat.

Vanquished Creatures
  2 goblins (D:2)
  A hobgoblin (D:1)
  A jackal (D:2)
4 creatures vanquished.

Notes
Turn   | Place    | Note
-------+----------+-------------------------------------------
     0 | Abyss:1  | Gargoyl the Gnoll Abyssal Knight began the quest for the
                  | Orb.
     0 | Abyss:1  | Reached XP level 1. HP: 23/23 MP: 3/3
    82 | Abyss:2  | Noticed a smoke demon
    89 | Abyss:3  | Noticed a large abomination
    98 | D:1      | Escaped the Abyss
   171 | D:1      | You fall into a shaft and drop 1 floor!
   184 | D:2      | Slain by a jackal

Illustrated notes

Levels and vault maps discovered:
D:1:      dpeg_arrival_tiny_f, layout_rooms, grunt_decor_junction
D:2:      layout_basic, kennysheep_generic_room_15

Action                   || total
-------------------------++-------
Melee: Hand axe          ||     9
Invok: Depart the Abyss  ||     1
  Use: Scroll            ||     1
Armor: Leather armour    ||    12
Dodge: Dodged            ||    25

Table legend: (Time is in decaauts)
 A = Elapsed time spent in this place.
 B = Non-inter-level travel time spent in this place.
 C = Inter-level travel time spent in this place.
 D = Time resting spent in this place.
 E = Time spent auto-exploring this place.
 F = Levels seen in this place.
 G = Mean time per level.
                   A        B        C        D        E       F      G
               +--------+--------+--------+--------+--------+-----+--------+
         Total |    183 |    183 |      0 |      6 |    114 |   5 |   36.6 |
       Dungeon |     86 |     86 |      0 |      0 |     59 |   2 |   43.0 |
         Abyss |     97 |     97 |      0 |      6 |     55 |   3 |   32.3 |
               +--------+--------+--------+--------+--------+-----+--------+

Top non-repeatable levels by time:
     D:1: 72 daAuts
 Abyss:2: 44 daAuts
 Abyss:1: 39 daAuts
 Abyss:3: 13 daAuts
     D:2: 13 daAuts
